Map: World of Sleepers LE

Players

Hurricane - Winner!

  • Race: Protoss Protoss
  • Spawn Location: 7:00

Nice

  • Race: Protoss Protoss
  • Spawn Location: 1:00

Event: IEM Katowice 2020

VOD

Have the link to the VOD?

Description

Time

  • Played on: Feb. 25, 2020, 10:01 a.m.
  • Length: 17:04

All games in this series

Show
View Real Time Build Order
Export as new Build Order

Hurricane Protoss - Winner!

Build Orders: Oracle Opening, Phoenix Opening, Colossus Rush 

Get SALT Encoding   

  12  0:00  Probe  
  13  0:12  Probe  
  14  0:17  Pylon  
  14  0:24  Probe (Chrono Boost)  
  15  0:36  Gateway  
  15  0:37  Probe (Chrono Boost)  
  16  0:44  Probe (Chrono Boost)  
  16  0:45  Assimilator  
  17  0:51  Probe  
  17  0:54  Assimilator  
  18  1:03  Probe (Chrono Boost)  
  19  1:07  Gateway  
  19  1:12  Probe (Chrono Boost)  
  19  1:17  Probe (Chrono Boost)  
  20  1:24  Cybernetics Core  
  21  1:29  Probe  
  22  1:36  Pylon  
  22  1:41  Probe  
  23  1:54  Probe  
  23  2:00  Warp Gate, Sentry, Stalker  
  28  2:08  Probe, Pylon  
  29  2:26  Stalker  
  31  2:38  Probe, Stargate  
  31  2:42  Stalker  
  33  2:46  Phoenix  
  33  3:05  Nexus  
  33  3:10  Shield Battery  
  33  3:16  Probe  
  36  3:22  Pylon, Oracle (Chrono Boost)  
  38  3:34  Shield Battery  
  38  3:46  Probe  
  35  3:51  Colossus  
  35  3:56  Oracle  
  35  3:58  Probe (Chrono Boost)  
  34  4:11  Probe (Chrono Boost)  
  35  4:19  Probe (Chrono Boost)  
  35  4:20  Probe (Chrono Boost)  
  37  4:26  Probe (Chrono Boost)  
  37  4:28  Probe (Chrono Boost)  
  39  4:31  Probe (Chrono Boost)  
  40  4:42  Robotics Facility  
  40  4:44  Probe x2 (Chrono Boost)  
  42  4:54  Probe (Chrono Boost)  
  42  4:56  Probe (Chrono Boost)  
  42  4:59  Probe (Chrono Boost)  
  44  5:05  Probe  
  46  5:11  Probe  
  46  5:14  Forge  
  47  5:16  Sentry  
  47  5:17  Probe, Sentry  
  52  5:23  Probe  
  52  5:26  Immortal (Chrono Boost)  
  53  5:29  Probe  
  53  5:30  Phoenix  
  53  5:34  Assimilator  
  53  5:35  Probe  
  59  5:39  Assimilator  
  59  5:41  Probe, Pylon  
  60  5:47  Probe  
  61  5:50  Protoss Ground Weapons Level 1  
  61  5:54  Probe  
  62  5:59  Probe  
  63  6:06  Probe, Observer  
  63  6:09  Twilight Council  
  65  6:11  Probe  
  65  6:18  Probe  
  67  6:27  Robotics Bay  
  67  6:36  Pylon  
  67  6:40  Phoenix  
  67  6:42  Blink (Chrono Boost)  
  67  6:47  Gateway  
  67  6:48  Gateway  
  67  6:50  Shield Battery  
  67  6:51  Immortal (Chrono Boost)  
  67  6:53  Adept  
  73  6:54  Adept  
  75  7:04  Gateway x2  
  75  7:14  Stalker  
  77  7:18  Pylon  
  77  7:19  Pylon  
  77  7:30  Pylon  
  77  7:32  Pylon, Disruptor (Chrono Boost)  
  80  7:41  Stalker x2  
  84  7:45  Probe x2  
  83  7:52  Stalker x2  
  81  8:08  Stalker x4  
  89  8:14  Probe x2  
  91  8:25  Disruptor (Chrono Boost)  
  94  8:36  Shield Battery  
  94  8:37  Photon Cannon, Stalker x2  
  98  8:54  Zealot x3  
  78  9:04  Disruptor  
  78  9:07  Zealot  
  78  9:08  Zealot x2  
  75  9:21  Stalker x3  
  65  9:31  Stalker x3  
  66  9:39  Disruptor (Chrono Boost)  
  69  9:50  Nexus  
  69  9:59  Dark Shrine  
  67  10:07  Disruptor (Chrono Boost)  
  67  10:11  Probe x2  
  67  10:12  Sentry, Stalker  
  76  10:24  Stalker  
  76  10:27  Pylon  
  78  10:31  Stalker x2  
  82  10:40  Disruptor (Chrono Boost)  
  84  10:45  Gateway  
  84  10:51  Probe x2  
  84  10:55  Pylon  
  84  11:12  Dark Templar x3  
  84  11:18  Stalker x2  
  92  11:23  Stalker  
  92  11:25  Probe x2  
  98  11:27  Probe  
  98  11:31  Observer (Chrono Boost)  
  98  11:32  Protoss Ground Weapons Level 2  
  79  11:47  Stalker x3  
  78  11:55  Observer (Chrono Boost)  
  79  12:10  Sentry  
  79  12:16  Disruptor (Chrono Boost)  
  79  12:17  Probe x3  
  83  12:30  Charge, Zealot x5  
  83  12:32  Pylon  
  93  12:44  Disruptor (Chrono Boost)  
  96  12:54  Zealot x2  
  96  12:55  Zealot x3  
  106  12:58  Stalker  
  87  13:15  Zealot x4  
  87  13:18  Dark Templar  
  80  13:24  Zealot  
  61  13:39  Zealot x3  
  61  13:40  Zealot  
  59  13:45  Observer  
  55  13:50  Stalker  
  55  13:57  Stalker  
  55  14:02  Stalker  
  53  14:07  Dark Templar  
  47  14:17  Stalker  
  47  14:24  Stalker  
  47  14:34  Stalker  
  49  14:47  Stalker x2  
  49  14:48  Stalker  
  55  14:55  Stalker  
  55  15:02  Stalker  
  57  15:12  Shield Battery  
  57  15:21  Stalker  
  59  15:23  Zealot x2  
  63  15:31  Stalker  
  65  15:38  Zealot x2  
  58  15:52  Observer  
  55  16:00  Stalker x2  
  47  16:17  Stalker x3  
  55  16:35  Stalker x3  
  54  16:55  Stalker x3  
Show
View Real Time Build Order
Export as new Build Order

Nice Protoss 

Build Orders: Zealot Archon 

Get SALT Encoding   

  12  0:00  Probe  
  13  0:12  Probe  
  14  0:17  Pylon  
  14  0:24  Probe  
  15  0:36  Gateway  
  15  0:37  Probe (Chrono Boost)  
  16  0:46  Probe (Chrono Boost), Assimilator  
  17  0:51  Assimilator  
  17  0:52  Probe (Chrono Boost)  
  18  1:04  Probe (Chrono Boost)  
  19  1:08  Gateway  
  19  1:13  Probe (Chrono Boost)  
  20  1:18  Probe (Chrono Boost)  
  20  1:25  Cybernetics Core  
  21  1:30  Probe  
  22  1:35  Pylon  
  22  1:42  Probe  
  23  1:54  Probe  
  23  1:58  Warp Gate (Chrono Boost)  
  23  2:01  Adept x2  
  28  2:06  Probe  
  29  2:13  Pylon  
  29  2:16  Pylon  
  29  2:31  Adept x2  
  33  2:43  Pylon  
  33  3:01  Nexus  
  33  3:04  Sentry x2  
  33  3:05  Probe  
  37  3:09  Shield Battery  
  37  3:17  Probe (Chrono Boost)  
  37  3:19  Pylon  
  38  3:29  Probe (Chrono Boost)  
  39  3:37  Probe (Chrono Boost)  
  40  3:45  Probe  
  41  3:51  Forge  
  41  3:54  Stalker x2 (Chrono Boost)  
  41  3:56  Stalker x2  
  41  3:57  Probe  
  46  4:09  Probe  
  39  4:14  Probe  
  40  4:17  Shield Battery  
  40  4:20  Sentry  
  40  4:21  Stalker  
  40  4:23  Protoss Ground Weapons Level 1  
  44  4:29  Shield Battery  
  43  4:39  Stalker x2  
  43  4:41  Probe  
  43  4:45  Probe  
  49  4:53  Probe, Robotics Facility  
  49  4:55  Pylon  
  50  5:02  Stalker  
  50  5:05  Stalker  
  54  5:13  Probe x2 (Chrono Boost)  
  56  5:23  Pylon  
  56  5:25  Probe x2 (Chrono Boost)  
  58  5:31  Probe (Chrono Boost)  
  58  5:32  Probe (Chrono Boost), Assimilator  
  58  5:34  Assimilator  
  58  5:35  Twilight Council  
  60  5:40  Probe  
  60  5:41  Observer  
  62  5:46  Probe  
  63  5:51  Gateway  
  63  5:52  Probe  
  64  5:59  Probe, Gateway  
  65  6:05  Probe  
  65  6:08  Gateway x2  
  66  6:17  Pylon  
  66  6:18  Protoss Ground Weapons Level 2 (Chrono Boost), Warp Prism (Chrono Boost)  
  66  6:21  Charge (Chrono Boost)  
  68  6:28  Templar Archives  
  68  6:47  Gateway  
  68  6:51  Pylon  
  68  6:52  Gateway  
  68  6:59  Nexus  
  68  7:07  Observer  
  68  7:10  High Templar  
  68  7:11  High Templar x3  
  68  7:12  Zealot x2  
  80  7:15  Archon  
  80  7:16  Archon  
  80  7:33  High Templar  
  82  7:41  High Templar  
  84  7:47  Pylon  
  84  7:49  Pylon  
  84  7:50  Zealot x5  
  84  8:07  Archon  
  84  8:11  High Templar x2, Zealot x5  
  98  8:18  Archon  
  96  8:25  Pylon  
  96  8:31  Probe  
  96  8:32  Probe x2, Zealot x4  
  96  8:33  Zealot x2  
  111  8:44  Zealot x2  
  111  8:45  Probe  
  116  8:54  Zealot x2  
  82  9:10  Zealot x6  
  88  9:23  Blink (Chrono Boost)  
  76  9:35  High Templar x4  
  76  9:36  Stalker x3  
  78  9:39  Archon x2  
  78  9:45  Stalker  
  83  9:57  Dark Shrine  
  83  9:59  Stalker  
  82  10:00  Stalker  
  82  10:10  Stalker x3  
  88  10:14  Zealot x2  
  92  10:22  Stalker  
  92  10:23  Stalker  
  92  10:27  Warp Prism (Chrono Boost)  
  96  10:33  Probe  
  99  10:43  Stalker  
  99  10:44  Stalker  
  99  10:45  Stalker  
  101  10:50  Stalker x2  
  101  10:55  Stalker  
  97  11:14  Dark Templar x2  
  101  11:20  Zealot x6  
  111  11:44  Zealot x2  
  111  11:45  Observer (Chrono Boost)  
  94  11:48  Zealot x6  
  101  11:55  Probe x3  
  90  12:16  Stalker  
  90  12:17  Stalker x2  
  97  12:31  Photon Cannon  
  94  12:39  Dark Templar  
  94  12:42  Observer (Chrono Boost)  
  97  12:45  Stalker  
  97  12:46  Stalker  
  101  12:54  Probe x2  
  59  13:28  Stalker x3  
  59  13:29  Stalker  
  50  13:56  Stalker x4  
  50  13:57  Stalker  
  54  14:14  Stalker x2  
  54  14:15  Stalker  
  57  14:24  Stalker  
  57  14:26  High Templar x2  
  58  14:39  Archon  
  58  14:40  Observer (Chrono Boost)  
  58  14:42  Stalker x2  
  61  14:50  Stalker  
  63  15:02  High Templar x2  
  63  15:03  Zealot  
  63  15:06  Archon  
  67  15:32  High Templar x2  
  67  15:33  Zealot x4  
  77  15:37  Archon  
  55  16:03  High Templar  
  55  16:04  Zealot  
  51  16:05  High Templar  
  49  16:14  Archon  
  47  16:20  Zealot x5  
  41  16:56  High Templar x2  

Tags
 
Add a new tag
Caveats
  • Supply blocks, unpowered buildings, or Contaminate may cause inaccurate times.
  • Supply counts are checked every 10 seconds.